 Dungeon Crawl Stone Soup version 0.30-a0-165-g1891117ce2 (webtiles) character file.

Game seed: 17494448031742353331

8458 billz999 the Ogre Mage (level 11, 0/100 HPs)
             Began as an Ogre Air Elementalist on Sept 29, 2022.
             Was an Initiate of Gozag.
             Slain by a troll (4 damage)
             ... on level 10 of the Dungeon.
             The game lasted 00:36:35 (15922 turns).

billz999 the Ogre Mage (Ogre Air Elementalist)     Turns: 15922, Time: 00:36:37

Health: 0/100      AC:  2    Str: 14    XL:     11   Next: 31%
Magic:  3/29       EV:  9    Int: 32    God:    Gozag
Gold:   701        SH:  5    Dex:  9    Spells: 31/39 levels left

rFire   + . .      SeeInvis .    m - +1 spear (flame)
rCold   + . .      Faith    .    (no shield)
rNeg    + . .      Spirit   .    a - +0 robe
rPois   +          Reflect  +    L - -2 hat of the Alchemist {rElec rPois rF+ rC+ rN+ Will+ rMut rCorr}
rElec   +          Harm     .    v - +0 cloak
rCorr   +          Rampage  .    (gloves unavailable)
rMut    +                        (boots unavailable)
Will    ++...                    o - amulet of reflection
Stlth   +.........               q - +6 ring of intelligence
HPRegen 0.26/turn                K - +6 ring of intelligence
MPRegen 0.21/turn

@: brilliant, sluggish, gold aura, very slow
A: large, unfitting armour, tough skin 1
a: Renounce Religion, Potion Petition, Call Merchant, Bribe Branch


You were on level 10 of the Dungeon.
You worshipped Gozag.
Gozag was pleased with you.
You visited 2 branches of the dungeon, and saw 11 of its levels.
You also visited: Sewer and Ossuary.

You collected 1872 gold pieces.
You spent 1085 gold pieces at shops.
You paid 86 gold pieces to Gozag.

Inventory:

Hand Weapons
 g - a +0 short sword
 m - a +1 spear of flaming (weapon)
Missiles
 l - 2 silver boomerangs
Armour
 a - a +0 robe (worn)
 h - a +2 hat
 v - a +0 cloak (worn)
 L - the -2 hat of the Alchemist (worn) {rElec rPois rF+ rC+ rN+ Will+ rMut rCorr}
   (You bought it in a shop on level 10 of the Dungeon)

   rF:        It protects you from fire.
   rC:        It protects you from cold.
   rElec:     It insulates you from electricity.
   rPois:     It protects you from poison.
   rN:        It protects you from negative energy.
   rCorr:     It protects you from acid and corrosion.
   rMut:      It protects you from mutation.
   Will:      It increases your willpower.
Jewellery
 d - a ring of wizardry
 o - an amulet of reflection (around neck)
 q - a +6 ring of intelligence (left hand)
 t - a +6 ring of strength
 w - a ring of see invisible
 J - a +6 ring of dexterity
 K - a +6 ring of intelligence (right hand)
Wands
 s - a wand of iceblast (7)
 y - a wand of mindburst (13)
 A - a wand of polymorph (12)
 F - a wand of charming (9)
 I - a wand of light (19)
Scrolls
 c - 7 scrolls of teleportation
 i - 4 scrolls of noise {unknown}
 p - 12 scrolls of identify
 u - 2 scrolls of magic mapping
 x - 2 scrolls of butterflies {unknown}
 M - a scroll of fear {unknown}
Potions
 b - 2 potions of magic
 e - 5 potions of brilliance
 f - a potion of haste {unknown}
 j - 2 potions of heal wounds {unknown}
 k - 3 potions of mutation {unknown}
 n - 6 potions of curing {unknown}
 r - 2 potions of lignification {unknown}
 z - 2 potions of flight {unknown}
 B - a potion of cancellation {unknown}
 C - 2 potions of resistance {unknown}
 D - 7 potions of might {unknown}
 E - 2 potions of berserk rage {unknown}
 G - a potion of attraction {unknown}
 H - 2 potions of degeneration {unknown}


   Skills:
 + Level 4.1 Fighting
 - Level 0.5 Polearms
 - Level 1.7 Dodging
 - Level 1.4 Stealth
 - Level 0.5 Shields
 + Level 14.5 Spellcasting
 + Level 5.1 Conjurations
 + Level 8.5 Air Magic
 - Level 0.2 Evocations


You had 31 spell levels left.
You knew the following spells:

 Your Spells              Type           Power      Damage    Failure   Level
a - Shock                 Conj/Air       100%       1d9       1%          1
b - Airstrike             Air            43%        2d(7-23)  1%          4
c - Swiftness             Air            87%        N/A       1%          3

Your spell library contained the following spells:

 Spells                   Type           Power      Damage    Failure   Level
 Beastly Appendage        Tmut           68%        N/A       1%          1
 Freeze                   Ice            100%       1d11      1%          1
 Static Discharge         Conj/Air       100%       2-7/arc   1%          2
 Hailstorm                Conj/Ice       56%        3d12      1%          3
 Wereblood                Tmut           34%        N/A       3%          2
 Frozen Ramparts          Ice            68%        1d11      6%          3
 Ozocubu's Armour         Ice            34%        N/A       6%          3
 Spider Form              Tmut/Pois      34%        N/A       6%          3
 Tukima's Dance           Hex            34%        N/A       6%          3
 Leda's Liquefaction      Hex/Erth       17%        N/A       19%         4
 Passage of Golubria      Tloc           34%        N/A       19%         4
 Lee's Rapid Deconstruct  Erth           17%        3d11*     47%         5
 Metabolic Englaciation   Hex/Ice        17%        N/A       47%         5
 Yara's Violent Unravell  Hex/Tmut       17%        3d8       47%         5
 Statue Form              Tmut/Erth      22%        N/A       96%         6
 Simulacrum               Ice/Necr       Unusable   N/A       N/A         6

Dungeon Overview and Level Annotations

Branches:
Dungeon (10/15)            Temple (1/1) D:5            Lair (0/5) D:10
    Orc (0/2) D:9           Sewer (visited)         Ossuary (visited)

Altars:
Ashenzari
Cheibriados
Dithmenos
Elyvilon
Fedhas
Gozag
Hepliaklqana
Kikubaaqudgha
Makhleb
Nemelex Xobeh
Okawaru
Qazlal
Ru
Sif Muna
Trog
Uskayaw
Vehumet
Wu Jian
Xom
Yredelemnul
Zin
The Shining One

Shops:
D:10 [

Annotations:
D:4 1 runed translucent door, ragingrage's ghost, amateur DsRe
D:9 3 runed translucent doors, ytrimaz's ghost, novice FoFi


Innate Abilities, Weirdness & Mutations

You are too large for most types of armour.
You have tough skin. (AC +1)


Message History

Press: ? - help, Dir - move target, f/p - troll
Aim: a troll (heavily wounded, empty space bonus: 5/8)
The air twists around and strikes the troll.
The troll is severely wounded.
You block the troll's attack. The troll claws you! x2
You feel sluggish.
Casting: Airstrike (mildly dangerous; 1% risk of failure)
Confirm with . or Enter, or press ? or * to list all spells.
Okay, then.
Casting: Airstrike (mildly dangerous; 1% risk of failure)
Confirm with . or Enter, or press ? or * to list all spells.
Okay, then.
That's the wrong kind of item! (Use * to select it.) Evoke which item? (* to show all) (? for menu, Esc to quit)
Aiming: Mindburst
Press: ? - help, Shift-Dir - straight line, f/p - troll
Aim: a troll (heavily wounded, chance to affect: 64%)
The troll's mind is blasted!
The troll bites you! The troll closely misses you. The troll claws you!
* * * LOW HITPOINT WARNING * * *
Aiming: Iceblast
Press: ? - help, Shift-Dir - straight line, p - troll
Okay, then.
Aiming: Mindburst
Press: ? - help, Shift-Dir - straight line, f/p - troll
Aim: a troll (almost dead, chance to affect: 64%)
The troll struggles to resist.
The troll bites you!
* * * LOW HITPOINT WARNING * * *
The troll claws you.
* * * LOW HITPOINT WARNING * * *
The troll closely misses you.
Okay, then.
Okay, then.
It was a potion of brilliance.
You feel clever all of a sudden. The troll bites you!
* * * LOW HITPOINT WARNING * * *
The troll claws you.
You die...
Your body crumbles into a pile of gold.

#).......##.##.._.#.#
##.....#..#.##....#.#
##.))##.#......P.#.#
#..)...##..........#####
#####.#)#.###.#...#.#.......
.........## #.......$..####.
$#####.#.#.#####.######.####.
#.#.#..###T.# #.##...
###......@#...# #.##.#.
..###.####T...# #...... #. #.#
#.# ##...# ####.#. #. #.# #.#
#...# #... ####.###.###.#
#...#########... .............#
#...............
...........#######...#.##.##.....
...#.......#.....).........#)#...
...........................#.....


You could see a troll.

Vanquished Creatures
  3 two-headed ogres
  An ugly thing (D:7)
  Psyche (D:8)
  2 hornets
  A wyvern (D:8)
  Sigmund (D:2)
  A vampire (D:9)
  A wraith (D:9)
  2 yaks
  A steam dragon (D:8)
  Menkaure (D:5)
  An acid dragon (D:9)
  2 water moccasins
  4 orc warriors
  3 ice beasts
  A black bear (D:6)
  4 sky beasts (D:7)
  A centaur (D:7)
  4 kobold brigands
  5 bullfrogs
  2 gnoll sergeants (D:10)
  10 wights
  7 killer bees
  3 howler monkeys
  2 jellies
  10 orc priests
  A hound (D:7)
  3 iguanas
  12 orc wizards
  12 mummies (Ossuary)
  12 gnolls
  11 adders
  A shadow imp (D:7)
  2 white imps (D:7)
  2 ufetubi
  A worm (D:5)
  53 orcs
  12 ball pythons
  3 bats
  8 endoplasms
  3 giant cockroaches
  10 goblins
  10 hobgoblins
  8 jackals
  20 kobolds
  7 quokkas
  5 frilled lizards
  3 gnoll skeletons (Ossuary)
  2 goblin skeletons (Ossuary)
  2 kobold skeletons (Ossuary)
  An orc skeleton (Ossuary)
  13 rats
  11 rat skeletons (Ossuary)
302 creatures vanquished.

Vanquished Creatures (others)
  2 fungi (D:1)
  A plant (D:1)
3 creatures vanquished.

Grand Total: 305 creatures vanquished

Notes
Turn   | Place    | Note
-------+----------+-------------------------------------------
     0 | D:1      | billz999 the Ogre Air Elementalist began the quest for the
                  | Orb.
     0 | D:1      | Reached XP level 1. HP: 16/16 MP: 3/3
   192 | D:1      | Reached XP level 2. HP: 24/24 MP: 2/5
   272 | D:1      | Reached skill level 1 in Conjurations
   392 | D:1      | Reached skill level 3 in Spellcasting
   767 | D:1      | Found a faded altar of an unknown god.
   967 | D:1      | Reached XP level 3. HP: 31/31 MP: 4/7
  1835 | D:2      | Reached XP level 4. HP: 39/39 MP: 6/9
  2100 | D:2      | Reached skill level 4 in Spellcasting
  2365 | D:2      | Reached XP level 5. HP: 41/45 MP: 5/11
  2496 | D:2      | Learned a level 4 spell: Airstrike
  2500 | D:2      | Learned a level 3 spell: Swiftness
  2586 | D:2      | Found an ornate altar of the Wu Jian Council.
  2831 | D:2      | Noticed Sigmund
  2840 | D:2      | Killed Sigmund
  2841 | D:2      | Reached skill level 5 in Spellcasting
  2841 | D:2      | Reached XP level 6. HP: 36/54 MP: 3/14
  3500 | D:3      | Reached skill level 6 in Spellcasting
  4081 | D:4      | Found a glowing drain.
  4094 | D:4      | Reached XP level 7. HP: 61/61 MP: 1/16
  4095 | Sewer    | Entered a sewer
  4680 | D:4      | Found a runed translucent door.
  4708 | D:4      | Noticed ragingrage's ghost (amateur DsRe)
  5950 | D:5      | Entered Level 5 of the Dungeon
  5961 | D:5      | Found a staircase to the Ecumenical Temple.
  5973 | Temple   | Entered the Ecumenical Temple
  6165 | Temple   | Became a worshipper of Gozag Ym Sagoz the Greedy
  6308 | D:5      | Noticed Menkaure
  6310 | D:5      | Killed Menkaure
  6311 | D:5      | Reached skill level 7 in Spellcasting
  7192 | D:5      | Found a shimmering altar of Xom.
  7192 | D:5      | Found a shimmering blue altar of Sif Muna.
  7301 | D:6      | Reached XP level 8. HP: 68/68 MP: 3/19
  7500 | D:6      | Reached skill level 8 in Spellcasting
  7817 | D:6      | Reached skill level 5 in Air Magic
  8314 | D:6      | Reached skill level 9 in Spellcasting
  8837 | D:7      | Found a sand-covered staircase.
  8843 | Ossuary  | Entered an ossuary
  9336 | Ossuary  | Reached XP level 9. HP: 75/75 MP: 16/22
  9863 | D:7      | Reached skill level 10 in Spellcasting
 11180 | D:7      | Reached skill level 11 in Spellcasting
 11377 | D:7      | Noticed a two-headed ogre
 11377 | D:7      | Noticed a cyan ugly thing
 11711 | D:7      | Killed a two-headed ogre
 11712 | D:7      | Reached skill level 1 in Fighting
 11712 | D:7      | Reached skill level 12 in Spellcasting
 11712 | D:7      | Reached XP level 10. HP: 84/84 MP: 12/26
 11902 | D:7      | Identified the +9 long sword of Gallantry {drain, *Rage
                  | rPois Int+7}
 11906 | D:7      | Killed a cyan ugly thing
 12433 | D:8      | Reached skill level 13 in Spellcasting
 12524 | D:8      | Noticed Psyche
 12529 | D:8      | Killed Psyche
 12666 | D:8      | Paralysed by a hornet for 3 turns
 13158 | D:8      | Found a shadowy altar of Dithmenos.
 13840 | D:9      | Noticed a two-headed ogre
 13854 | D:9      | Killed a two-headed ogre
 13855 | D:9      | Reached skill level 14 in Spellcasting
 13855 | D:9      | Reached XP level 11. HP: 66/93 MP: 7/29
 14082 | D:9      | Found a runed translucent gate.
 14082 | D:9      | Found a runed translucent gate.
 14083 | D:9      | Found a runed translucent gate.
 14355 | D:9      | Noticed ytrimaz's ghost (novice FoFi)
 14427 | D:9      | Found a staircase to the Orcish Mines.
 14837 | D:10     | Entered Level 10 of the Dungeon
 15300 | D:10     | Noticed a two-headed ogre
 15304 | D:10     | Killed a two-headed ogre
 15402 | D:10     | Reached skill level 5 in Conjurations
 15560 | D:10     | Found Gynony's Antique Armour Shoppe.
 15568 | D:10     | Bought the -2 hat of the Alchemist {rElec rPois rF+ rC+ rN+
                  | Will+ rMut rCorr} for 1085 gold pieces
 15568 | D:10     | Found the -2 hat of the Alchemist {rElec rPois rF+ rC+ rN+
                  | Will+ rMut rCorr}
 15623 | D:10     | Found a stormy altar of Qazlal.
 15821 | D:10     | Found a staircase to the Lair.
 15922 | D:10     | HP: 4/100 [troll (8)]
 15922 | D:10     | Slain by a troll

Illustrated notes

Levels and vault maps discovered:
D:1:      lightli_arrival_isolated_outpost, layout_basic,
          shapermc_ecumenical_altar_mp_ritualfount
D:2:      layout_basic, basic_altar, minmay_quadrilaterals, uniq_sigmund
D:3:      layout_basic
D:4:      layout_layer_cave, cheibrodos_sewer_entry_sluice,
          ebering_ghost_reflecting_pool
D:5:      layout_loops_corners, gammafunk_temple_overflow_elements,
          minmay_temple_entry_ruins, uniq_menkaure
D:6:      layout_rooms
D:7:      minmay_chambers_of_sevens, layout_loops_ring,
          nicolae_ossuary_entry_plus, enter_bailey_4
D:8:      layout_rooms, grunt_dithmenos_smoke_and_mirrors,
          kennysheep_generic_room_16, uniq_psyche
D:9:      layout_rooms, minmay_orc_entry_temple_small,
          biasface_ghost_orc_armoury
D:10:     layout_loops_cross, mainiacjoe_overflow_tiny_flanked,
          lair_entry_dummy, serial_shops, nicolae_shop_statue_plus,
          nicolae_shop_waterfront
Temple:   nicolae_temple_bog_church

Skill      XL: |  1  2  3  4  5  6  7  8  9 10 11 |
---------------+----------------------------------+-----
Air Magic      | 3 4 5 6 8 |  8.5
Conjurations   | 1 2 3 4 5 |  5.1
Spellcasting   | 3 4 5 6 7 9 12 14 | 14.5
Fighting       | 1 2 4 |  4.1
Polearms       | |  0.5
Dodging        | |  1.7
Stealth        | |  1.4
Shields        | |  0.5
Evocations     | |  0.2

Action                   |  1- 3 |  4- 6 |  7- 9 | 10-12 || total
-------------------------+-------+-------+-------+-------++-------
Melee: Unarmed           |    14 |       |       |       ||    14
       Short sword       |     4 |       |       |       ||     4
       Spear             |       |       |    15 |     4 ||    19
 Cast: Shock             |    71 |   103 |   202 |    67 ||   443
       Airstrike         |       |     9 |    79 |   117 ||   205
       Swiftness         |       |     1 |     1 |     1 ||     3
Evoke: Wand              |       |       |       |     8 ||     8
  Use: Scroll            |       |     1 |     7 |       ||     8
       Potion            |       |       |       |     1 ||     1
Armor: Robe              |    17 |     2 |    23 |    18 ||    60
Dodge: Dodged            |    27 |    11 |    36 |    25 ||    99
Block: Other             |       |       |    20 |    13 ||    33
       Reflection        |       |       |       |     1 ||     1

Table legend: (Time is in decaauts)
 A = Elapsed time spent in this place.
 B = Non-inter-level travel time spent in this place.
 C = Inter-level travel time spent in this place.
 D = Time resting spent in this place.
 E = Time spent auto-exploring this place.
 F = Levels seen in this place.
 G = Mean time per level.
                   A        B        C        D        E       F      G
               +--------+--------+--------+--------+--------+-----+--------+
         Total |  15949 |  15547 |    402 |   4130 |   9888 |  13 | 1226.8 |
       Dungeon |  14367 |  13990 |    377 |   3718 |   8988 |  10 | 1436.7 |
        Temple |    207 |    183 |     24 |      0 |    164 |   1 |  207.0 |
         Sewer |    545 |    545 |      0 |    393 |     84 |   1 |  545.0 |
       Ossuary |    828 |    828 |      0 |     19 |    651 |   1 |  828.0 |
               +--------+--------+--------+--------+--------+-----+--------+

Top non-repeatable levels by time:
     D:7: 2511 daAuts
     D:2: 1786 daAuts
     D:6: 1592 daAuts
     D:8: 1455 daAuts
     D:4: 1430 daAuts
     D:1: 1417 daAuts
     D:9: 1350 daAuts
     D:5: 1086 daAuts
    D:10: 943 daAuts
 Ossuary: 828 daAuts
     D:3: 794 daAuts
   Sewer: 545 daAuts
  Temple: 207 daAuts
